 Dungeon Crawl Stone Soup version 0.26-a0-639-g72c4674329 (webtiles) character file.

Game seed: 12743889604741338360

800220 stazo the Impregnable (level 27, -7/266 HPs)
             Began as a Demonspawn Fighter on Sept 13, 2020.
             Was the Champion of Okawaru.
             Killed from afar by an orb of fire (23 damage)
             ... with a fireball
             ... on level 2 of the Realm of Zot on Sept 19, 2020.
             The game lasted 04:45:28 (95373 turns).

stazo the Impregnable (Demonspawn Fighter)         Turns: 95373, Time: 04:45:29

Health: -7/266     AC: 36    Str: 46      XL:     27
Magic:  28/28      EV: 12    Int: 23 (24) God:    Okawaru [******]
Gold:   6637       SH: 45    Dex: 16      Spells: 26/26 levels left

rFire    + . .     SeeInvis +   a - +8 mithril axe "Arga" {speed, MR+}
rCold    + + +     Faith    .   M - +6 tower shield "Lykus" {rElec rC+ Int+6}
rNeg     + + +     Spirit   .   T - +1 gold dragon scales of Zulu {rPois rF+ rC+ Str+4 Int+3 Slay+2}
rPois    +         Reflect  .   x - +0 helmet "Pahequbb" {rElec rN+++ MR+ Stlth-}
rElec    +         Harm     .   q - +2 cloak {MR+}
rCorr    +         Rampage  .   (gloves unavailable)
MR       +++++                  Q - +0 pair of boots "Ajuur" {rCorr SInv}
Stlth    ..........             A - amulet of a Billion Villages {Regen+ Str+9 Int-3 Dex+3}
HPRegen  3.94/turn              S - ring "Jeicsuiv" {+Fly MR+ Slay+6}
MPRegen  0.21/turn              G - ring of the Eleven Youths {rN+ Str+6 Int+6}

@: heroism, hasted, very quick
A: claws 3, large bone plates 3, cold resistance 1, deterioration 1, negative
energy resistance 1, powered by death 3, robust 1, electricity resistance, spiny
3, 50% torment resistance, no potion heal 1, black mark
}: 5/15 runes: decaying, serpentine, slimy, silver, iron
a: Heroism, Finesse, Renounce Religion, Evoke Flight


You were on level 2 of the Realm of Zot.
You worshipped Okawaru.
Okawaru was exalted by your worship.
You visited 14 branches of the dungeon, and saw 63 of its levels.
You also visited: Ossuary and Gauntlet.

You collected 13094 gold pieces.
You spent 6457 gold pieces at shops.

Inventory:

Hand Weapons
 a - the +8 mithril axe "Arga" (weapon) {speed, MR+}
   (You found it on level 15 of the Dungeon)

   Attacks with this weapon are significantly faster.
   It affects your resistance to hostile enchantments.
 z - a +4 fustibalus of flaming
Missiles
 j - 656 sling bullets
Armour
 q - a +2 cloak of magic resistance (worn)
 x - the +0 helmet "Pahequbb" (worn) {rElec rN+++ MR+ Stlth-}
   (Okawaru gifted it to you on level 4 of the Vaults)

   It insulates you from electricity.
   It renders you almost immune to negative energy.
   It affects your resistance to hostile enchantments.
   It makes you less stealthy.
 M - the +6 tower shield "Lykus" (worn) {rElec rC+ Int+6}
   (Okawaru gifted it to you on level 5 of the Vaults)

   It affects your intelligence (+6).
   It protects you from cold.
   It insulates you from electricity.
 Q - the +0 pair of boots "Ajuur" (worn) {rCorr SInv}
   (Okawaru gifted it to you on level 3 of the Elven Halls)

   It lets you see invisible.
   It provides partial protection from all sources of acid and corrosion.
 T - the +1 gold dragon scales of Zulu (worn) {rPois rF+ rC+ Str+4 Int+3 Slay+2}
   (You bought it in a shop on level 2 of the Orcish Mines)

   It affects your strength (+4).
   It affects your intelligence (+3).
   It affects your accuracy and damage with ranged weapons and melee attacks
   (+2).
   It protects you from fire.
   It protects you from cold.
   It protects you from poison.
Jewellery
 d - the ring of Ninahuge {rPois rC++ rN+ Str-3 Stlth-}
   (You found it on level 2 of the Crypt)

   [ring of attention]

   It affects your strength (-3).
   It greatly protects you from cold.
   It protects you from poison.
   It protects you from negative energy.
   It makes you less stealthy.
 e - the ring "Ywnakid" {rPois rF+ Str+3}
   (You found it on level 2 of the Crypt)

   [ring of poison resistance]

   It affects your strength (+3).
   It protects you from fire.
   It protects you from poison.
 A - the amulet of a Billion Villages (around neck) {Regen+ Str+9 Int-3 Dex+3}
   (You took it off an iron imp on level 7 of the Iron City of Dis)

   [amulet of regeneration]

   It affects your strength (+9).
   It affects your intelligence (-3).
   It affects your dexterity (+3).
   It increases your rate of regeneration.
 G - the ring of the Eleven Youths (right claw) {rN+ Str+6 Int+6}
   (You found it on level 2 of the Swamp)

   [ring of intelligence]

   It affects your strength (+6).
   It affects your intelligence (+6).
   It protects you from negative energy.
 S - the ring "Jeicsuiv" (left claw) {+Fly MR+ Slay+6}
   (You took it off a deep elf sorcerer on level 3 of the Elven Halls)

   [ring of protection from magic]

   It affects your accuracy and damage with ranged weapons and melee attacks
   (+6).
   It affects your resistance to hostile enchantments.
   It lets you fly.
Wands
 g - a wand of polymorph (11)
 i - a wand of iceblast (10)
 o - a wand of digging (16)
 E - a wand of acid (24)
 H - a wand of disintegration (45)
Scrolls
 b - a scroll of enchant weapon
 c - a scroll of fog
 f - 25 scrolls of teleportation
 h - 26 scrolls of remove curse
 r - 13 scrolls of identify
 s - a scroll of blinking
 B - 4 scrolls of summoning
 C - 15 scrolls of magic mapping
Potions
 k - 31 potions of curing
 l - 10 potions of haste
 n - 2 potions of flight
 p - 6 potions of heal wounds
 F - 3 potions of invisibility
 K - 4 potions of might
 N - 3 potions of resistance
Miscellaneous
 m - a lightning rod (4/4)


   Skills:
 + Level 25.1(27) Fighting
 - Level 18.0(23.0) Axes
 - Level 14.0(19.0) Slings
 + Level 26.9(27) Armour
 * Level 24.9(27) Shields
 - Level 6.8 Invocations


You had 26 spell levels left.
You didn't know any spells.
Your spell library contained the following spells:

 Spells                   Type           Power        Failure   Level
 Animate Skeleton         Necr           #.....       43%         1
 Apportation              Tloc           #.....       43%         1
 Corona                   Hex            #......      43%         1
 Foxfire                  Conj/Fire      #...         43%         1
 Magic Dart               Conj           #...         43%         1
 Pain                     Necr           #...         43%         1
 Shock                    Conj/Air       #...         43%         1
 Sting                    Tmut/Pois      #...         43%         1
 Summon Small Mammal      Summ           #...         43%         1
 Blink                    Tloc           N/A          56%         2
 Call Imp                 Summ           #.......     56%         2
 Passwall                 Tmut/Erth      #.......     56%         2
 Poisonous Vapours        Pois/Air       #.....       56%         2
 Searing Ray              Conj           #.....       56%         2
 Slow                     Hex            #.......     56%         2
 Sublimation of Blood     Necr           #.........   56%         2
 Swiftness                Air            #.......     56%         2
 Call Canine Familiar     Summ           #.......     80%         3
 Confusing Touch          Hex            #.......     80%         3
 Conjure Flame            Conj/Fire      #.......     80%         3
 Dazzling Flash           Conj/Hex       #.....       80%         3
 Gell's Gravitas          Tloc           #.........   80%         3
 Ignite Poison            Fire/Tmut/Pois #.......     80%         3
 Inner Flame              Hex/Fire       #.......     80%         3
 Lesser Beckoning         Tloc           #.........   80%         3
 Mephitic Cloud           Conj/Pois/Air  #.......     80%         3
 Spider Form              Tmut/Pois      #.........   80%         3
 Static Discharge         Conj/Air       #.......     80%         3
 Tukima's Dance           Hex            #.......     80%         3
 Vampiric Draining        Necr           #.........   80%         3
 Airstrike                Air            #.........   99%         4
 Animate Dead             Necr           #.........   99%         4
 Dispel Undead            Necr           #.......     99%         4
 Fulminant Prism          Conj/Hex       #.........   99%         4
 Ice Form                 Ice/Tmut       #.......     99%         4
 Iskenderun's Mystic Bla  Conj/Tloc      #.......     99%         4
 Leda's Liquefaction      Hex/Erth       #.........   99%         4
 Olgreb's Toxic Radiance  Pois           #.......     99%         4
 Passage of Golubria      Tloc           N/A          99%         4
 Petrify                  Tmut/Erth      #.......     99%         4
 Sticky Flame             Conj/Fire      #.......     99%         4
 Agony                    Necr           #.......     100%        5
 Alistair's Intoxication  Tmut/Pois      #........    100%        5
 Bolt of Magma            Conj/Fire/Erth #.........   100%        5
 Excruciating Wounds      Necr           #.........   100%        5
 Fireball                 Conj/Fire      #.........   100%        5
 Lee's Rapid Deconstruct  Erth           #.........   100%        5
 Lightning Bolt           Conj/Air       #.........   100%        5
 Metabolic Englaciation   Hex/Ice        #.........   100%        5
 Yara's Violent Unravell  Hex/Tmut       #.........   100%        5
 Eringya's Noxious Bog    Tmut/Pois      #.........   100%        6
 Freezing Cloud           Conj/Ice/Air   #.........   100%        6
 Invisibility             Hex            #.......     100%        6
 Iron Shot                Conj/Erth      #.........   100%        6
 Ozocubu's Refrigeration  Ice            #.........   100%        6
 Simulacrum               Ice/Necr       #.........   100%        6
 Statue Form              Tmut/Erth      #........    100%        6
 Haunt                    Necr/Summ      #.........   100%        7
 Summon Hydra             Summ           #.........   100%        7
 Borgnjor's Revivificati  Necr           #.........   100%        8
 Ignition                 Fire           #.........   100%        8
 Infestation              Necr           #.........   100%        8
 Necromutation            Tmut/Necr      #.........   100%        8
 Death's Door             Necr           #.........   100%        9
 Shatter                  Erth           #.........   100%        9
 Tornado                  Air            #.........   100%        9


Dungeon Overview and Level Annotations

Branches:
Dungeon (15/15)            Temple (1/1) D:5            Lair (6/6) D:10
  Swamp (4/4) Lair:3        Snake (4/4) Lair:3        Slime (5/5) Lair:6
    Orc (2/2) D:10            Elf (3/3) Orc:2        Vaults (5/5) D:13
  Crypt (3/3) Vaults:3       Tomb (0/3) Crypt:3      Depths (5/5) D:15
   Hell (visited)             Dis (7/7) Hell            Geh (0/7) Hell
    Coc (0/7) Hell            Tar (0/7) Hell            Zot (2/5) Depths:5
Ossuary (visited)         Gauntlet (visited)

Altars:
Ashenzari
Cheibriados
Dithmenos
Elyvilon
Fedhas
Gozag
Hepliaklqana
Kikubaaqudgha
Makhleb
Nemelex Xobeh
Okawaru
Qazlal
Ru
Sif Muna
Trog
Uskayaw
Vehumet
Wu Jian
Xom
Yredelemnul
Zin
The Shining One
Beogh

Shops:
D:7 (   D:12 :   Orc:2 [:(*   Snake:1 }=}   Snake:3 !   Vaults:3 ?
Vaults:5 :[}!??=}   Depths:1 :

Portals:
Hell: Depths:1 Depths:2 Depths:3 Depths:4 Depths:5
Abyss: Depths:2 Depths:4
Pandemonium: Depths:3
Ziggurat: Depths:5
Trove: Vaults:3 (give 4 potions of resistance)


Innate Abilities, Weirdness & Mutations

You have claws for hands.
You are completely covered in large bone plates. (SH +8)
You resist negative energy. (rN+)
You regenerate a lot of health from kills.
You are completely covered in sharp spines.
You are somewhat able to resist unholy torments (1 in 2 success).
Your melee attacks may debilitate your foes.
Your flesh is cold resistant. (rC+)
Your body sometimes deteriorates upon taking damage.
You are robust. (+10% HP)
You are resistant to electric shocks. (rElec)
Potions are less effective at restoring your health.


Message History

Here: an orb of fire (wandering, hasn't noticed you)
The floor.
Press: ? - help, v - describe, . - travel The floor.
Press: ? - help, Dir - move target cursor
As you read the scroll of blinking, it crumbles to dust.
You feel yourself speed up.
You hear a roar!
The orb of fire glows deep purple.
The fireball explodes!
The fireball engulfs you!! You resist.
* * * LOW HITPOINT WARNING * * *
You hear a deafening roar!
Things that are here:
a +0 scimitar; a purple draconian corpse The orb of fire glows red.
The fireball explodes!
The fireball engulfs you!! You resist.
* * * LOW HITPOINT WARNING * * *
The orb of fire glows yellow.
The fireball explodes!
The fireball engulfs you!! You resist.
You die...

## #. #)
######### #.
##.*...).###
#.
##†#######@.##
#. #.## ###.##
#. ##.###+###
##.## #.
#.##....q#
##.# #.
#.#...y... #.#
#. #.#Dd.§...
#.# #.
#)z°qd1>.. #.#
## #.#LL.>?..
#.##^#
###.......
#.##.#


You could see an orb of fire.

Vanquished Creatures
  the Royal Jelly (Slime:5)
  Dispater (Dis:7)
  Khufu (Crypt:3)
  6 ancient liches
  Mennas (Crypt:1)
  An orb of fire (Zot:1)
  Xtahua (Vaults:3)
  Margery (Vaults:3)
  the Lernaean hydra (Swamp:3)
  Bai Suzhen (Depths:2)
  Geryon (Hell)
  6 golden dragons
  The ghost of Unumoig the Warrior, an adept DrWn of Gozag (Vaults:4)
  A profane servitor (Crypt:3)
  The ghost of Ceoruaheis the Impregnable, an adept MiFi of Gozag (Vaults:2)
  The ghost of Ceoruaheis the Impregnable, an adept MiFi of Gozag (Vaults:2)
  The ghost of Ceoruaheis the Impregnable, an adept MiFi of Gozag (Vaults:2)
  The ghost of Nybbakke the Tortoise, an adept MiFi of Gozag (Vaults:4)
  3 bone dragons
  2 Brimstone Fiends
  A Tzitzimitl (Dis:6)
  The ghost of Vileos the Hand of Fortune, an adept DsGl of Nemelex Xobeh (Vaults:4)
  19 iron giants
  14 Hell Sentinels
  3 Ice Fiends
  Jorgrun (Swamp:1)
  9 tentacled monstrosities
  4 liches
  Asterion (Elf:1)
  6 titans
  A deep elf master archer (Elf:3)
  2 deep elf blademasters (Elf:3)
  3 quicksilver dragons
  25 acid blobs
  27 ancient champions
  Frances (D:12)
  Agnes (Snake:1)
  An Executioner (Dis:7)
  A death cob (Zot:2)
  6 sphinxes
  A thorn hunter (Swamp:4)
  6 shadow dragons
  7 tengu reavers
  Donald (Snake:1)
  9 storm dragons
  4 revenants
  19 azure jellies
  A draconian monk (Depths:5)
  Roxanne (Snake:1)
  10 nagarajas
  15 iron dragons
  7 fire giants
  11 deep elf sorcerers
  9 frost giants
  2 balrugs
  2 orc warlords
  A draconian scorcher (Zot:2)
  Aizul (Swamp:2)
  Louise (Swamp:2)
  2 curse skulls (Crypt:2)
  4 cacodemons
  4 draconian annihilators
  4 ghouls
  5 deep elf elementalists
  2 draconian stormcallers
  16 vault wardens
  The ghost of jt the Frost Mage, an adept OpIE of Makhleb (Depths:1)
  13 ironheart preservers
  16 stone giants
  7 spriggan defenders
  49 reapers
  21 war gargoyles
  9 deep elf demonologists
  16 very ugly things
  8 vampire knights
  2 entropy weavers
  4 green draconians
  4 black draconians
  4 lorocyprocas
  A minotaur (Gauntlet)
  3 yellow draconians (Depths:5)
  6 red draconians
  A white draconian (Zot:1)
  11 deep elf annihilators
  3 purple draconians
  22 ettins
  6 fire dragons
  2 spark wasps (Depths:4)
  A merfolk javelineer (Depths:1)
  2 blizzard demons
  3 green deaths
  20 deep elf death magi
  4 eidola
  10 death oozes (Slime:5)
  3 quicksilver dragon zombies
  12 great orbs of eyes
  Snorg (D:13)
  2 mummy priests (Crypt:3)
  The ghost of Neriamm the Cleaver, a journeyman HOFi of Beogh (Lair:1)
  7 deep elf high priests
  21 yaktaur captains
  19 jiangshi
  20 hydras
  Josephine (D:15)
  13 naga warriors
  4 ice dragons
  29 vault guards
  3 spriggan air magi
  7 ghost crabs
  3 hell beasts
  A rakshasa (Depths:1)
  4 catoblepae
  7 centaur warriors
  An anaconda (shapeshifter) (Vaults:5)
  15 anacondas
  7 death knights
  2 two-headed ogres (shapeshifter)
  69 two-headed ogres
  23 dancing weapons
  13 alligators
  16 death yaks
  4 tengu warriors
  18 ogre magi
  6 deep troll shamans
  10 deep troll earth magi
  4 orc high priests
  8 naga sharpshooters
  A titan zombie (Dis:1)
  6 vampire magi
  9 hell hogs
  4 large abominations
  5 spriggan berserkers
  9 shock serpents
  25 deep elf knights
  Nergalle (Orc:1)
  A fire crab (shapeshifter) (Vaults:3)
  2 sun demons (Hell)
  23 iron golems
  A fire crab (Lair:4)
  6 salamander mystics (Snake:4)
  A spectral catoblepas (Lair:1)
  8 soul eaters
  8 shadow wraiths
  122 skeletal warriors
  21 iron trolls
  4 storm dragon zombies
  22 hell knights
  A sea snake (Snake:2)
  29 deep trolls
  3 sixfirhies
  An unseen horror (shapeshifter) (Depths:3)
  A ghost moth zombie (Dis:7)
  3 unseen horrors
  A storm dragon skeleton (Crypt:3)
  3 anaconda zombies
  A spark wasp zombie (Depths:2)
  3 spriggan druids (Swamp:1)
  A shadow demon (Dis:4)
  An orange crystal statue (D:15)
  A spectral hydra (Lair:1)
  9 flayed ghosts
  4 golden dragon zombies
  9 glowing orange brains
  14 deep elf archers
  2 tengu zombies
  8 naga ritualists
  4 lindwurms (Snake:4)
  11 swamp dragons
  10 mana vipers
  5 wizards
  A golden dragon skeleton (Depths:4)
  9 shadow dragon zombies
  14 necromancers
  10 ironbrand convokers
  A harpy (shapeshifter) (D:13)
  A lindwurm (shapeshifter) (D:14)
  15 orc knights
  2 wolf spider zombies
  10 phantasmal warriors
  An anaconda skeleton (Hell)
  6 frost giant zombies
  4 harpies (Vaults:4)
  5 salamanders
  34 ugly things
  4 manticores
  5 shining eyes
  7 wolf spiders
  2 sphinx skeletons
  5 oklob plants (Lair:6)
  A shining eye (shapeshifter) (D:15)
  4 iron dragon zombies
  3 cyclopes
  75 deep elf magi
  3 fire giant zombies
  4 stone giant zombies
  4 orc sorcerers
  4 iron dragon skeletons
  28 black mambas
  5 moths of wrath
  A salamander (shapeshifter) (Vaults:4)
  2 dire elephant zombies
  Maurice (Orc:1)
  A guardian serpent (shapeshifter) (Vaults:5)
  15 naga magi
  A fire giant skeleton (Depths:2)
  5 guardian serpents (Snake:4)
  10 vault sentinels
  2 frost giant skeletons
  A stone giant skeleton (Vaults:3)
  A shock serpent zombie (Dis:6)
  72 rust devils
  2 molten gargoyles (Hell)
  An orange demon (Depths:3)
  3 eyes of devastation
  A dire elephant skeleton (Hell)
  17 hellions
  2 cane toads (shapeshifter)
  A red draconian zombie (Crypt:2)
  22 freezing wraiths
  2 rime drakes
  An apocalypse crab (Swamp:1)
  2 minotaur zombies
  4 catoblepas zombies
  3 emperor scorpion zombies
  A torpor snail (Lair:4)
  19 cane toads
  A storm dragon simulacrum (Depths:4)
  2 rime drakes (shapeshifter)
  3 efreet
  66 yaktaurs
  A spark wasp simulacrum (Depths:4)
  A kobold demonologist (D:6)
  9 komodo dragons
  6 small abominations
  43 tormentors
  9 hydra zombies
  18 ice devils
  3 demonic crawlers
  7 tengu conjurers
  A yaktaur (shapeshifter) (Elf:1)
  A queen ant zombie (Crypt:1)
  16 red devils
  3 meliai
  11 trolls
  7 guardian mummies (Crypt:3)
  A catoblepas skeleton (Crypt:1)
  A meliai (shapeshifter) (Vaults:4)
  2 jumping spiders (shapeshifter)
  10 tyrant leeches
  7 human skeletons
  2 queen bees (shapeshifter)
  2 harpy zombies
  19 hornets
  A polar bear (shapeshifter) (Vaults:5)
  18 hippogriffs
  An iron troll skeleton (Crypt:1)
  A pale draconian skeleton (Crypt:1)
  A troll (shapeshifter) (Crypt:2)
  A hornet (shapeshifter) (D:15)
  22 bog bodies
  An ice dragon zombie (Dis:2)
  A satyr zombie (Crypt:1)
  An alligator zombie (Hell)
  108 slime creatures
  3 fire dragon zombies (Dis:3)
  5 dream sheep
  2 elf zombies
  4 raiju (Depths:2)
  7 ettin zombies
  8 blink frogs
  4 spriggan zombies
  83 flying skulls
  2 spectral black mambas (Lair:1)
  3 redbacks
  Sigmund (D:4)
  A centaur simulacrum (D:14)
  A fire dragon skeleton (Hell)
  2 tarantellas
  A redback (shapeshifter) (Depths:1)
  A spriggan (shapeshifter) (Vaults:3)
  A spriggan skeleton (Depths:1)
  A ynoxinul (Depths:3)
  An alligator skeleton (Crypt:1)
  8 shadows
  2 air elementals
  A satyr skeleton (Crypt:2)
  A black mamba zombie (Dis:6)
  11 spriggans
  12 water elementals
  2 ice dragon skeletons
  22 wraiths
  2 wyverns (Lair:4)
  5 fire elementals
  A basilisk (shapeshifter) (Depths:3)
  34 yaks
  31 golden eyes
  A steam dragon (D:12)
  A human (shapeshifter) (Depths:2)
  2 yaktaur simulacra (Vaults:3)
  Grum (D:11)
  A chaos spawn (Crypt:2)
  18 vampire mosquitoes
  2 basilisks
  5 wargs
  Menkaure (Ossuary)
  19 insubstantial wisps
  A glowing shapeshifter zombie (Crypt:1)
  14 swamp worms
  A naga (shapeshifter) (Vaults:5)
  A faun zombie (Crypt:2)
  26 nagas
  2 cane toad zombies
  An acid dragon (D:11)
  2 hydra simulacra
  Duvessa (D:4)
  43 hell hounds
  9 porcupines
  2 deep troll skeletons (Vaults:3)
  21 water moccasins
  A floating eye (Depths:3)
  55 orc warriors
  14 swamp drakes
  2 black bears
  2 eyes of draining (Slime:5)
  4 ice beasts
  A cane toad skeleton (Hell)
  13 necrophages
  A swamp dragon zombie (Dis:5)
  A black bear (shapeshifter) (Vaults:3)
  A manticore zombie (Dis:2)
  An ogre (shapeshifter) (Vaults:4)
  3 sky beasts
  An eye of draining (shapeshifter) (Elf:3)
  5 human zombies
  8 phantoms
  43 ogres
  8 boggarts
  22 centaurs
  3 snapping turtle zombies
  5 wolves
  An elf skeleton (Vaults:3)
  10 crocodiles
  2 big kobolds
  11 bullfrogs
  2 earth elementals (Elf:3)
  A wyvern zombie (D:12)
  Dowan (D:4)
  5 scorpions
  A troll zombie (Dis:5)
  A hornet simulacrum (D:15)
  9 killer bees (D:11)
  2 human simulacra
  A yak zombie (Crypt:1)
  An electric eel (Snake:2)
  54 wights
  4 howler monkeys
  5 centaur zombies
  4 lava snakes (Snake:2)
  3 hounds
  2 jellies
  4 centaur skeletons
  A bullfrog skeleton (D:13)
  A bullfrog zombie (D:8)
  21 orc priests
  100 iron imps
  24 orc wizards
  A demonspawn skeleton (Crypt:2)
  Natasha (D:3)
  2 iguanas (D:5)
  7 worker ants
  A hell rat (Crypt:2)
  A worker ant (shapeshifter) (Elf:1)
  A naga zombie (Dis:5)
  An ogre zombie (Crypt:2)
  A hound zombie (D:5)
  2 hound skeletons
  A howler monkey zombie (D:6)
  8 mummies
  A worker ant zombie (D:10)
  3 gnolls (D:6)
  21 adders
  3 white imps
  An ooze (D:3)
  An adder zombie (D:10)
  3 adder skeletons
  2 dart slugs
  9 leopard geckos
  98 orcs
  A bat (shapeshifter) (Vaults:5)
  5 giant cockroaches
  5 gnoll zombies (Ossuary)
  A goblin (shapeshifter) (Vaults:5)
  6 goblins
  7 hobgoblins
  27 jackals
  4 quokkas
  A ball python (Lair:3)
  A ball python (shapeshifter) (Vaults:5)
  10 bats
  6 frilled lizards
  2 gnoll skeletons (Ossuary)
  6 goblin skeletons
  10 goblin zombies (Ossuary)
  5 hobgoblin skeletons
  3 hobgoblin zombies (Ossuary)
  A jackal zombie (Crypt:1)
  11 kobolds
  2 kobold skeletons (Ossuary)
  2 kobold zombies (Ossuary)
  6 orc skeletons (Ossuary)
  2 orc zombies (Ossuary)
  2 quokka skeletons
  15 rats
  4 rat skeletons (Ossuary)
  4 rat zombies
  3 briar patches (Swamp:4)
  A butterfly (Lair:1)
  2 crawling corpses (Depths:4)
3407 creatures vanquished.

Vanquished Creatures (others)
  2 draconian monks (Zot:1)
  2 draconian knights (Zot:1)
  A draconian shifter (Zot:1)
  A draconian annihilator (Zot:1)
  A deep elf demonologist (Vaults:5)
  A black draconian (Zot:1)
  A white draconian (Zot:1)
  2 red draconians (Zot:1)
  A deep elf knight (Elf:1)
  A spriggan druid (Swamp:1)
  A naga ritualist (Snake:4)
  A swamp dragon (Swamp:4)
  A necromancer (Dis:2)
  An ugly thing (D:14)
  A moth of wrath (Zot:1)
  A water elemental (Elf:3)
  A swamp drake (Swamp:4)
  A necrophage (Dis:6)
  A boggart (Depths:3)
  An orc priest (Orc:2)
  2 iron imps (Dis:7)
  An orc wizard (D:10)
  A hobgoblin skeleton (Ossuary)
  An orc skeleton (Ossuary)
  2 briar patches (Swamp:4)
  22 demonic plants (Gauntlet)
  28 fungi
  56 plants
136 creatures vanquished.

Grand Total: 3543 creatures vanquished

Notes
Turn   | Place    | Note
-------+----------+-------------------------------------------
     0 | D:1      | stazo the Demonspawn Fighter began the quest for the Orb.
     0 | D:1      | Reached XP level 1. HP: 18/18 MP: 1/1
   118 | D:1      | Gained mutation: You are partially covered in large bone
                  | plates. (SH +4) [demonic ancestry]
   118 | D:1      | Reached XP level 2. HP: 24/24 MP: 2/2
   485 | D:1      | Reached XP level 3. HP: 27/29 MP: 3/3
  1133 | D:2      | Reached XP level 4. HP: 29/37 MP: 4/4
  2128 | D:3      | Noticed Natasha
  2148 | D:3      | Killed Natasha
  2235 | D:3      | Gained mutation: You are partially covered in sharp spines.
                  | [demonic ancestry]
  2235 | D:3      | Reached XP level 5. HP: 43/43 MP: 5/5
  2594 | D:3      | Reached skill level 5 in Fighting
  3124 | D:4      | Noticed an ogre
  3135 | D:4      | Killed an ogre
  3135 | D:4      | Reached XP level 6. HP: 18/51 MP: 6/6
  3499 | D:4      | Noticed Dowan
  3501 | D:4      | Noticed Duvessa
  3516 | D:4      | Killed Duvessa
  3520 | D:4      | Killed Dowan
  3520 | D:4      | Reached skill level 5 in Axes
  3520 | D:4      | Gained mutation: You have sharp fingernails. [demonic
                  | ancestry]
  3520 | D:4      | Reached XP level 7. HP: 50/58 MP: 7/7
  3571 | D:4      | Noticed Sigmund
  3600 | D:4      | Killed Sigmund
  3999 | D:5      | Entered Level 5 of the Dungeon
  4184 | D:5      | Found a sand-covered staircase.
  4197 | Ossuary  | Entered an ossuary
  4449 | Ossuary  | Noticed Menkaure
  4453 | Ossuary  | Killed Menkaure
  4480 | Ossuary  | Gained mutation: You are mostly covered in large bone
                  | plates. (SH +6) [demonic ancestry]
  4480 | Ossuary  | Reached XP level 8. HP: 65/67 MP: 8/8
  4945 | D:5      | Found a staircase to the Ecumenical Temple.
  5010 | Temple   | Entered the Ecumenical Temple
  5118 | Temple   | Became a worshipper of Warmaster Okawaru
  5219 | D:5      | Found a sparkling altar of Nemelex Xobeh.
  5851 | D:6      | Noticed a troll
  5864 | D:6      | Reached * piety under Okawaru
  5876 | D:6      | Killed a troll
  5876 | D:6      | Reached XP level 9. HP: 29/76 MP: 9/9
  5893 | D:6      | Noticed a kobold demonologist
  5902 | D:6      | Noticed a smoke demon
  5909 | D:6      | Killed a kobold demonologist
  6270 | D:7      | Reached ** piety under Okawaru
  6386 | D:7      | Found a shimmering altar of Xom.
  6388 | D:7      | Found a burning altar of Makhleb.
  6388 | D:7      | Found a glowing silver altar of Zin.
  6390 | D:7      | Found a sacrificial altar of Ru.
  6391 | D:7      | Found an opulent altar of Gozag.
  6460 | D:7      | Found a burning altar of Makhleb.
  6461 | D:7      | Noticed a cacodemon
  6648 | D:7      | Got a crystal bardiche
  6658 | D:7      | Identified the +8 bardiche of Karma {vorpal, *Drain rF+ MR+
                  | Str+5} (You found it on level 7 of the Dungeon)
  6682 | D:7      | Found a radiant altar of Vehumet.
  6727 | D:7      | Found Haory's Antique Weapon Emporium.
  7254 | D:8      | Reached skill level 10 in Fighting
  7762 | D:8      | Reached *** piety under Okawaru
  8031 | D:8      | Gained mutation: You have very sharp fingernails. [demonic
                  | ancestry]
  8031 | D:8      | Reached XP level 10. HP: 86/86 MP: 10/10
  8165 | D:9      | Found a shattered altar of Ashenzari.
  8897 | D:9      | You fall into a shaft and drop 1 floor!
  8897 | D:10     | Entered Level 10 of the Dungeon
  8939 | D:10     | Reached skill level 10 in Axes
  8987 | D:10     | Found a staircase to the Lair.
  9430 | D:9      | Noticed a two-headed ogre
  9440 | D:9      | Killed a two-headed ogre
  9440 | D:9      | Reached **** piety under Okawaru
  9993 | D:10     | Noticed a two-headed ogre
 10001 | D:10     | Killed a two-headed ogre
 10804 | D:10     | Noticed a two-headed ogre
 10817 | D:10     | Killed a two-headed ogre
 10817 | D:10     | Reached ***** piety under Okawaru
 10817 | D:10     | Gained mutation: You are mostly covered in sharp spines.
                  | [demonic ancestry]
 10817 | D:10     | Reached XP level 11. HP: 62/95 MP: 8/11
 11646 | D:10     | Found a staircase to the Orcish Mines.
 11876 | D:10     | Identified a scroll of acquirement
 11876 | D:10     | Acquired the +3 plate armour of Happy Babbling {rPois rCorr
                  | Int+3}
 11952 | Lair:1   | Entered Level 1 of the Lair of Beasts
 11967 | Lair:1   | Found a gate leading to a gauntlet.
 12006 | Gauntlet | Entered a Gauntlet
 12006 | Gauntlet | Found a transporter.
 12020 | Gauntlet | Found a transporter.
 12021 | Gauntlet | Noticed a tengu warrior
 12030 | Gauntlet | Found a transporter.
 12033 | Gauntlet | Noticed a blizzard demon
 12035 | Gauntlet | Found a transporter.
 12052 | Gauntlet | Found a transporter.
 12070 | Gauntlet | Found a transporter.
 12082 | Gauntlet | Found a transporter.
 12082 | Gauntlet | Noticed a thrashing horror
 12094 | Gauntlet | Found a transporter.
 12095 | Gauntlet | Noticed a cacodemon
 12106 | Gauntlet | Found a transporter.
 12118 | Gauntlet | Found a transporter.
 12135 | Gauntlet | Found a transporter.
 12153 | Gauntlet | Found a transporter.
 12155 | Gauntlet | Found a transporter.
 12157 | Gauntlet | Found a runed translucent gate.
 12157 | Gauntlet | Found a runed translucent gate.
 12157 | Gauntlet | Found a runed translucent gate.
 12159 | Gauntlet | Found a large runed translucent door.
 12159 | Gauntlet | Found a large runed translucent door.
 12159 | Gauntlet | Found a large runed translucent door.
 12159 | Gauntlet | Found a large runed translucent door.
 12163 | Gauntlet | Found a large runed translucent door.
 12163 | Gauntlet | Found a large runed translucent door.
 12164 | Gauntlet | Found a large runed translucent door.
 12164 | Gauntlet | Found a large runed translucent door.
 12167 | Gauntlet | Found a large runed translucent door.
 12167 | Gauntlet | Found a large runed translucent door.
 12167 | Gauntlet | Found a runed translucent door.
 12167 | Gauntlet | Found a runed translucent door.
 12168 | Gauntlet | Found a large runed translucent door.
 12169 | Gauntlet | Found a large runed translucent door.
 12178 | Gauntlet | Found a large runed translucent door.
 12178 | Gauntlet | Found a large runed translucent door.
 12179 | Gauntlet | Found a large runed translucent door.
 12180 | Gauntlet | Found a large runed translucent door.
 12180 | Gauntlet | Found a transporter.
 12182 | Gauntlet | Found a transporter.
 12202 | Gauntlet | Found a transporter.
 12280 | Gauntlet | Found a transporter.
 12300 | Gauntlet | Found a transporter.
 12459 | Gauntlet | Reached skill level 3 in Armour
 12684 | Gauntlet | Killed a tengu warrior
 12795 | Gauntlet | Got a sparkling golden ring
 12796 | Gauntlet | Identified the ring of Quil {Fire rElec Str+3 Stlth+} (You
                  | found it in a Gauntlet)
 12827 | Gauntlet | HP: 3/96 [blizzard demon/freezing blast (40)]
 12831 | Gauntlet | Killed a blizzard demon
 13146 | Gauntlet | Noticed a minotaur
 13159 | Gauntlet | Killed a minotaur
 13550 | Gauntlet | Received a gift from Okawaru
 13553 | Gauntlet | Got a slimy helmet {god gift}
 13564 | Gauntlet | Identified the +0 helmet of Levity {rF+} (Okawaru gifted it
                  | to you in a Gauntlet)
 13579 | Lair:1   | Reached skill level 4 in Armour
 13580 | Lair:1   | Upgraded the game from 0.26-a0-597-gb535b0901c to
                  | 0.26-a0-639-g72c4674329
 14055 | Lair:1   | Found a runed translucent gate.
 14055 | Lair:1   | Found a runed translucent gate.
 14060 | Lair:1   | Found a runed translucent gate.
 14060 | Lair:1   | Noticed Neriamm's ghost (journeyman HOFi)
 15283 | Lair:2   | Reached skill level 5 in Armour
 15283 | Lair:2   | Gained mutation: You regenerate a little health from kills.
                  | [demonic ancestry]
 15283 | Lair:2   | Reached XP level 12. HP: 96/105 MP: 12/12
 15843 | Lair:2   | Reached skill level 5 in Shields
 16246 | Lair:3   | Reached skill level 6 in Armour
 16277 | Lair:3   | Received a gift from Okawaru
 16292 | Lair:3   | Got a tiger eye-encrusted chain mail {god gift}
 16492 | Lair:2   | Identified the +5 chain mail "Qeplina" {rElec Dex+3}
                  | (Okawaru gifted it to you on level 3 of the Lair of Beasts)
 16545 | Lair:3   | Found a staircase to the Snake Pit.
 16825 | Lair:3   | Found a staircase to the Swamp.
 17375 | Lair:3   | Reached skill level 7 in Armour
 17575 | Lair:4   | Noticed a death yak
 17575 | Lair:4   | Noticed a death yak
 17576 | Lair:4   | Noticed a death yak
 17576 | Lair:4   | Noticed a death yak
 17576 | Lair:4   | Noticed a death yak
 17610 | Lair:3   | Killed a death yak
 17621 | Lair:3   | Killed a death yak
 17632 | Lair:3   | Killed a death yak
 17633 | Lair:3   | Killed a death yak
 17633 | Lair:3   | Gained mutation: You have claws for hands. [demonic
                  | ancestry]
 17633 | Lair:3   | Reached XP level 13. HP: 75/111 MP: 13/13
 17883 | Lair:4   | Reached ****** piety under Okawaru
 18019 | Lair:4   | Reached skill level 8 in Armour
 20754 | Lair:6   | Entered Level 6 of the Lair of Beasts
 20896 | Lair:6   | Received a gift from Okawaru
 20896 | Lair:6   | Reached skill level 9 in Armour
 23206 | Lair:6   | Received a gift from Okawaru
 23206 | Lair:6   | Gained mutation: You regenerate health from kills. [demonic
                  | ancestry]
 23206 | Lair:6   | Reached XP level 14. HP: 120/120 MP: 14/14
 23227 | Lair:6   | Got a warped executioner's axe {god gift}
 23504 | Lair:5   | Identified the +3 executioner's axe "Ozeoxule" {spect,
                  | *Contam +Fly Int+6 SInv} (Okawaru gifted it to you on level
                  | 6 of the Lair of Beasts)
 23511 | Lair:5   | Gained mutation: You are dopey. (Int -2) [mutagenic glow]
 23847 | Lair:6   | Found a staircase to the Slime Pits.
 24298 | D:10     | Acquired 480 gold pieces
 25745 | D:12     | Found Kiny's Book Emporium.
 26348 | D:12     | Noticed Frances
 26363 | D:12     | Killed Frances
 26700 | D:12     | Reached skill level 10 in Armour
 27055 | D:13     | Received a gift from Okawaru
 27113 | D:13     | Noticed Snorg
 27131 | D:13     | Killed Snorg
 27131 | D:13     | Received a gift from Okawaru
 27134 | D:13     | Reached skill level 15 in Axes
 27658 | D:13     | Found a gate to the Vaults.
 29313 | D:13     | HP: 1/121 [white ugly thing (40)]
 29939 | D:14     | Found an ornate altar of the Wu Jian Council.
 30174 | D:15     | Entered Level 15 of the Dungeon
 30205 | D:15     | Noticed Josephine
 30354 | Orc:1    | Entered Level 1 of the Orcish Mines
 30382 | Orc:1    | Found a roughly hewn altar of Beogh.
 30739 | Orc:1    | Noticed Maurice
 30745 | Orc:1    | Paralysed by Maurice for 4 turns
 30754 | Orc:1    | Killed Maurice
 30821 | Orc:1    | Found a roughly hewn altar of Beogh.
 30821 | Orc:1    | Noticed an orc warlord
 30833 | Orc:1    | Gained mutation: You are completely covered in large bone
                  | plates. (SH +8) [demonic ancestry]
 30833 | Orc:1    | Reached XP level 15. HP: 100/127 MP: 13/15
 31136 | D:10     | Killed an orc warlord
 31136 | D:10     | Received a gift from Okawaru
 31139 | D:10     | Got a distressingly furry crystal plate armour {god gift}
 31150 | D:10     | Identified the +1 crystal plate armour of Duty {rElec rN+}
                  | (Okawaru gifted it to you on level 10 of the Dungeon)
 31404 | Orc:2    | Entered Level 2 of the Orcish Mines
 31456 | Orc:2    | Found a roughly hewn altar of Beogh.
 31570 | Orc:2    | Noticed Nergalle
 32072 | Orc:1    | Killed Nergalle
 32961 | Orc:2    | Noticed an orc warlord
 33004 | Orc:2    | Killed an orc warlord
 33004 | Orc:2    | Reached skill level 15 in Fighting
 33020 | Orc:2    | Found a roughly hewn altar of Beogh.
 33046 | Orc:2    | Found Pingefry's Book Emporium.
 33054 | Orc:2    | Found a staircase to the Elven Halls.
 33169 | Orc:2    | Reached skill level 11 in Armour
 33281 | Orc:2    | Found Mall's Antique Weapon Emporium.
 33325 | Orc:2    | Found Xuis's General Store.
 33331 | Orc:2    | Bought a scroll of magic mapping for 42 gold pieces
 33339 | Orc:2    | Found Ajachavu's Antique Armour Emporium.
 33397 | Orc:2    | Found a roughly hewn altar of Beogh.
 33784 | D:15     | Found a white marble altar of Elyvilon.
 33822 | D:15     | Killed Josephine
 33860 | D:15     | Found the +8 mithril axe "Arga" {speed, MR+}
 34347 | D:15     | Lost intelligence.
 34485 | D:15     | Received a gift from Okawaru
 34863 | D:15     | Found a staircase to the Depths.
 35360 | Swamp:1  | Entered Level 1 of the Swamp
 35360 | Swamp:1  | Noticed Jorgrun
 35373 | Swamp:1  | Killed Jorgrun
 35650 | Swamp:1  | Found a runed translucent door.
 35742 | Swamp:1  | Received a gift from Okawaru
 35749 | Swamp:1  | Reached skill level 12 in Armour
 35752 | Swamp:1  | Got a spiked cloak {god gift}
 35763 | Swamp:1  | Identified the +0 cloak of the Mind {Stlth+} (Okawaru
                  | gifted it to you on level 1 of the Swamp)
 36191 | Swamp:1  | Reached XP level 16. HP: 110/136 MP: 16/16
 36856 | Swamp:1  | Identified the +5 long sword of Ceiniun {vorpal, +Inv rElec
                  | rF+ rC++}
 37570 | Swamp:2  | Found a transporter.
 37570 | Swamp:2  | Found a transporter.
 37623 | Swamp:2  | Noticed Louise
 37640 | Swamp:2  | Killed Louise
 37640 | Swamp:2  | Reached skill level 10 in Shields
 37804 | Swamp:2  | Noticed Aizul
 37829 | Swamp:2  | Killed Aizul
 39079 | Swamp:3  | Received a gift from Okawaru
 39082 | Swamp:3  | Got a heavily runed chain mail {god gift}
 39093 | Swamp:3  | Identified the +1 chain mail of Crawling {-Tele Harm Int+2}
                  | (Okawaru gifted it to you on level 3 of the Swamp)
 39485 | Swamp:4  | Entered Level 4 of the Swamp
 40009 | Swamp:4  | Reached skill level 13 in Armour
 40744 | Swamp:4  | Noticed the 27-headed Lernaean hydra
 40746 | Swamp:4  | Got a jewelled war axe
 40952 | Swamp:3  | Killed the 27-headed Lernaean hydra
 41617 | Swamp:3  | Identified the +10 war axe of Compassion {holy, Dex+3} (You
                  | found it on level 4 of the Swamp)
 41733 | Swamp:4  | Got a decaying rune of Zot
 41828 | Swamp:4  | Noticed a thorn hunter
 42086 | Swamp:4  | Killed a thorn hunter
 42204 | Swamp:4  | Received a gift from Okawaru
 42204 | Swamp:4  | Gained mutation: You regenerate a lot of health from kills.
                  | [demonic ancestry]
 42204 | Swamp:4  | Reached XP level 17. HP: 109/144 MP: 17/17
 42209 | Swamp:4  | Got a bronze crystal plate armour {god gift}
 42220 | Swamp:4  | Identified the +1 crystal plate armour of the Turtledove
                  | {+Inv rPois Str-5 Int+4} (Okawaru gifted it to you on level
                  | 4 of the Swamp)
 42605 | Snake:1  | Entered Level 1 of the Snake Pit
 42605 | Snake:1  | Noticed Donald
 42616 | Snake:1  | Killed Donald
 42790 | Snake:1  | Noticed Agnes
 42800 | Snake:1  | Killed Agnes
 42969 | Snake:1  | Noticed Roxanne
 42993 | Snake:1  | Killed Roxanne
 43104 | Snake:1  | Found Liaff's Gadget Boutique.
 43104 | Snake:1  | Found Rucal's Jewellery Emporium.
 43105 | Snake:1  | Found Nutoytad's Gadget Boutique.
 43113 | Snake:1  | Bought an uncursed ring of see invisible for 240 gold
                  | pieces
 43433 | Snake:2  | You fall into a shaft and drop 1 floor!
 44166 | Snake:3  | Reached skill level 14 in Armour
 44198 | Snake:3  | Found Xaeprocw's Distillery.
 44210 | Snake:3  | Bought a potion of curing for 36 gold pieces
 44210 | Snake:3  | Bought a potion of curing for 36 gold pieces
 44210 | Snake:3  | Bought 2 potions of curing for 72 gold pieces
 44210 | Snake:3  | Bought a potion of haste for 120 gold pieces
 44210 | Snake:3  | Bought a potion of curing for 36 gold pieces
 44210 | Snake:3  | Bought 2 potions of haste for 240 gold pieces
 44544 | Snake:4  | Entered Level 4 of the Snake Pit
 44639 | Snake:4  | Received a gift from Okawaru
 45211 | Snake:3  | Found Xaeprocw's Distillery.
 45765 | Orc:2    | Bought an ancient shortbow for 176 gold pieces
 45781 | Orc:2    | Bought scorched gold dragon scales for 2125 gold pieces
 45791 | Orc:2    | Identified the cursed +1 gold dragon scales of Zulu {rPois
                  | rF+ rC+ Str+4 Int+3 Slay+2} (You bought it in a shop on
                  | level 2 of the Orcish Mines)
 45796 | Orc:2    | Identified the +5 shortbow of Cuurausikk {freeze, rPois rN+
                  | Str+2 Int+2} (You bought it in a shop on level 2 of the
                  | Orcish Mines)
 46415 | Snake:4  | Received a gift from Okawaru
 46441 | Snake:4  | Gained mutation: You resist negative energy. (rN+) [demonic
                  | ancestry]
 46441 | Snake:4  | Reached XP level 18. HP: 151/153 MP: 18/18
 46656 | Snake:4  | Reached skill level 15 in Armour
 46787 | Snake:4  | Received a gift from Okawaru
 46823 | Snake:4  | Got a serpentine rune of Zot
 47820 | Elf:1    | Entered Level 1 of the Elven Halls
 47864 | Elf:1    | Reached skill level 1 in Slings
 48072 | Elf:1    | Noticed Asterion
 48088 | Elf:1    | Killed Asterion
 48789 | Elf:1    | Identified the +1 robe "Samungi" {*Contam Rampage +Blink
                  | Str+5}
 49106 | Elf:2    | Reached skill level 16 in Armour
 49119 | Elf:2    | Found a runed translucent gate.
 49119 | Elf:2    | Found a runed translucent gate.
 49120 | Elf:2    | Found a runed translucent gate.
 49299 | Elf:2    | Got a bronze ring mail
 49310 | Elf:2    | Identified the +1 ring mail of Tyriepud {Int+5} (You found
                  | it on level 2 of the Elven Halls)
 49495 | Elf:2    | Reached skill level 1 in Invocations
 49506 | Elf:2    | Received a gift from Okawaru
 49573 | Elf:2    | Received a gift from Okawaru
 49683 | Elf:2    | Gained mutation: You are somewhat able to resist unholy
                  | torments (1 in 2 success). [demonic ancestry]
 49683 | Elf:2    | Reached XP level 19. HP: 150/161 MP: 20/20
 50106 | Elf:3    | Entered Level 3 of the Elven Halls
 50371 | Elf:3    | Received a gift from Okawaru
 50374 | Elf:3    | Got a pair of masterwork boots {god gift}
 50385 | Elf:3    | Identified the +0 pair of boots "Ajuur" {rCorr SInv}
                  | (Okawaru gifted it to you on level 3 of the Elven Halls)
 50885 | Elf:3    | Noticed a Brimstone Fiend
 51416 | Elf:3    | Identified the cursed +0 quarterstaff "Entyacotz" {vorpal,
                  | rC+}
 51416 | Elf:3    | Identified the ring "Bareg" {MP+9 Int+6 Dex+3 Stlth+}
 51437 | Elf:3    | Reached skill level 5 in Invocations
 51452 | Elf:3    | Noticed a Tzitzimitl
 51793 | Elf:3    | Reached skill level 5 in Slings
 51803 | Elf:3    | Identified the ring "Jeicsuiv" {+Fly MR+ Slay+6}
 52327 | Elf:3    | Identified the ring "Inehextiwa" {rPois rN+ EV+4}
 52334 | Elf:3    | Identified the +3 halberd "Xejaziah" {speed, Int+3 Dex+5}
 52341 | Elf:3    | Identified the +5 dire flail "Qet Xoph" {flame, Dex+4}
 52420 | Elf:3    | Identified the cursed +0 plate armour "Amnifu" {-Cast rPois
                  | MR- Int+8}
 52438 | Elf:3    | Received a gift from Okawaru
 52625 | Elf:3    | Identified the Reference Book on Summoning
 53129 | Elf:3    | Got ichor-stained ice dragon scales
 53150 | Elf:3    | Got a faintly humming chain mail
 53175 | Elf:3    | Got a dazzling plate armour
 53194 | Elf:3    | Identified the +4 ice dragon scales "Ofaacher" {+Fly rF-
                  | rC++ rCorr Int-4 Stlth+} (You found it on level 3 of the
                  | Elven Halls)
 53204 | Elf:3    | Identified the cursed +0 plate armour of Emnow {*Contam
                  | Harm +Inv rC- Dex+5} (You found it on level 3 of the Elven
                  | Halls)
 53215 | Elf:3    | Identified the +8 chain mail of the Leaf {rN+ Int+6 SInv}
                  | (You found it on level 3 of the Elven Halls)
 53602 | Vaults:1 | Entered Level 1 of the Vaults
 53803 | Lair:1   | Killed Neriamm's ghost
 53803 | Lair:1   | Reached skill level 17 in Armour
 54653 | Vaults:1 | Got a twisted leather armour
 54748 | Vaults:1 | Received a gift from Okawaru
 54996 | Vaults:1 | Reached XP level 20. HP: 170/170 MP: 25/25
 55808 | Vaults:2 | Received a gift from Okawaru
 55819 | Vaults:2 | Identified the +3 leather armour of Ruomann {Str+7 Stlth-}
                  | (You found it on level 1 of the Vaults)
 56065 | Vaults:2 | Found a runed translucent gate.
 56065 | Vaults:2 | Found a runed translucent gate.
 56065 | Vaults:2 | Found an ancient bone altar of Kikubaaqudgha.
 56065 | Vaults:2 | Noticed an ancient lich
 56065 | Vaults:2 | Noticed Ceoruaheis's ghost (adept MiFi)
 56065 | Vaults:2 | Noticed Ceoruaheis's ghost (adept MiFi)
 56066 | Vaults:2 | Found a runed translucent gate.
 56066 | Vaults:2 | Noticed an ancient lich
 56066 | Vaults:2 | Noticed Ceoruaheis's ghost (adept MiFi)
 57625 | Vaults:3 | Received a gift from Okawaru
 57715 | Vaults:3 | Found a portal to a secret trove of treasure.
 58608 | Vaults:3 | Noticed Xtahua
 58625 | Vaults:3 | Killed Xtahua
 58644 | Vaults:3 | Reached skill level 18 in Armour
 58741 | Vaults:3 | Received a gift from Okawaru
 58757 | Vaults:3 | Got a shimmering plate armour {god gift}
 58783 | Vaults:3 | Found a staircase to the Crypt.
 58807 | Vaults:3 | Identified the +0 plate armour of Vanity {Int+3} (Okawaru
                  | gifted it to you on level 3 of the Vaults)
 59274 | Vaults:3 | Noticed Margery
 59287 | Vaults:3 | Killed Margery
 59294 | Vaults:3 | Reached XP level 21. HP: 177/178 MP: 23/26
 59439 | Vaults:3 | Found Fefaidef's Magic Scroll Boutique.
 59883 | Vaults:4 | Received a gift from Okawaru
 60074 | Vaults:4 | Received a gift from Okawaru
 60181 | Vaults:4 | Identified the +8 war axe "Muosomim" {vorpal, *Slow rC++
                  | Str+3}
 60200 | Vaults:4 | Received a gift from Okawaru
 60234 | Vaults:4 | Received a gift from Okawaru
 60289 | Vaults:4 | Noticed an ancient lich
 60290 | Vaults:4 | Noticed Nybbakke's ghost (adept MiFi)
 60429 | Vaults:4 | Reached skill level 19 in Armour
 60899 | Vaults:4 | Found a runed translucent gate.
 60899 | Vaults:4 | Found a runed translucent gate.
 60899 | Vaults:4 | Found a runed translucent gate.
 60899 | Vaults:4 | Found an ancient bone altar of Kikubaaqudgha.
 60899 | Vaults:4 | Noticed an ancient lich
 60899 | Vaults:4 | Noticed Vileos's ghost (adept DsGl)
 60899 | Vaults:4 | Noticed Unumoig's ghost (adept DrWn)
 61174 | Vaults:4 | Killed an ancient lich
 61179 | Vaults:4 | Killed an ancient lich
 61204 | Vaults:4 | Killed Nybbakke's ghost
 61204 | Vaults:4 | Received a gift from Okawaru
 61218 | Vaults:4 | Killed Vileos's ghost
 61233 | Vaults:4 | Killed Unumoig's ghost
 61233 | Vaults:4 | Received a gift from Okawaru
 61237 | Vaults:4 | Got a shimmering helmet {god gift}
 61427 | Vaults:4 | Identified the +0 helmet "Pahequbb" {rElec rN+++ MR+
                  | Stlth-} (Okawaru gifted it to you on level 4 of the Vaults)
 61434 | Vaults:4 | Got a faintly glowing copper ring
 61435 | Vaults:4 | Identified the ring "Zejekex" {rElec Str+6} (You found it
                  | on level 4 of the Vaults)
 61457 | Vaults:4 | Got a warped cloak
 61468 | Vaults:4 | Identified the +0 cloak "Keitol" {MR- MP+9 Str+9} (You
                  | found it on level 4 of the Vaults)
 62222 | Swamp:2  | Got a pitted copper ring
 62230 | Swamp:2  | Identified the ring of the Eleven Youths {rN+ Str+6 Int+6}
                  | (You found it on level 2 of the Swamp)
 62447 | D:11     | Noticed Grum
 62452 | D:11     | Killed Grum
 62684 | Vaults:5 | Entered Level 5 of the Vaults
 62691 | Vaults:5 | Reached XP level 22. HP: 179/188 MP: 27/27
 62696 | Vaults:4 | Reached skill level 15 in Shields
 62715 | Vaults:5 | Reached skill level 10 in Slings
 62745 | Vaults:5 | Noticed a golden dragon
 62762 | Vaults:5 | Killed a golden dragon
 62779 | Vaults:4 | Received a gift from Okawaru
 63001 | Vaults:5 | Reached skill level 20 in Armour
 63023 | Vaults:5 | Noticed an ancient lich
 63040 | Vaults:5 | Killed an ancient lich
 63093 | Vaults:5 | Found Xavasueg's Jewellery Shop.
 63355 | Vaults:5 | Received a gift from Okawaru
 63456 | Vaults:5 | Reached XP level 23. HP: 169/196 MP: 28/28
 63471 | Vaults:5 | Received a gift from Okawaru
 63643 | Vaults:5 | Noticed an ancient lich
 63652 | Vaults:5 | Killed an ancient lich
 63719 | Vaults:5 | Received a gift from Okawaru
 63752 | Vaults:5 | Got an ichor-stained tower shield {god gift}
 63763 | Vaults:5 | Identified the +6 tower shield "Lykus" {rElec rC+ Int+6}
                  | (Okawaru gifted it to you on level 5 of the Vaults)
 64075 | Vaults:5 | Found Lulomoes's Book Boutique.
 64088 | Vaults:5 | Reached skill level 21 in Armour
 64496 | Vaults:5 | Found Vouchetoet's Distillery.
 64500 | Vaults:5 | Bought a potion of might for 64 gold pieces
 64500 | Vaults:5 | Bought a potion of curing for 48 gold pieces
 64500 | Vaults:5 | Bought 2 potions of heal wounds for 160 gold pieces
 64500 | Vaults:5 | Bought 2 potions of curing for 96 gold pieces
 64500 | Vaults:5 | Bought a potion of heal wounds for 80 gold pieces
 64629 | Vaults:5 | Got a heavily runed plate armour
 64630 | Vaults:5 | Identified the cursed +0 plate armour of Bad Feelings
                  | {rElec Dex-2 Slay+3 Stlth+} (You found it on level 5 of the
                  | Vaults)
 64644 | Vaults:5 | Found Dikkoget's Magic Scroll Shop.
 64652 | Vaults:5 | Bought a scroll of acquirement for 1040 gold pieces
 64652 | Vaults:5 | Bought 2 scrolls of enchant armour for 300 gold pieces
 64652 | Vaults:5 | Acquired 2200 gold pieces
 64672 | Vaults:5 | Found Unus's Magic Scroll Shoppe.
 64676 | Vaults:5 | Bought a scroll of acquirement for 988 gold pieces
 64676 | Vaults:5 | Bought a scroll of enchant armour for 142 gold pieces
 64676 | Vaults:5 | Acquired the amulet of Orihaesh {Acrobat Str+2}
 64740 | Vaults:5 | Got a silver rune of Zot
 64743 | Vaults:5 | Found Jonwedam's Gadget Shoppe.
 64807 | Vaults:5 | Found Biumn's Antique Armour Shoppe.
 64843 | Vaults:5 | Found Fimpagatut's Gadget Shop.
 65481 | Vaults:2 | Killed an ancient lich
 65489 | Vaults:2 | Killed an ancient lich
 65492 | Vaults:2 | Killed Ceoruaheis's ghost
 65499 | Vaults:2 | Killed Ceoruaheis's ghost
 65499 | Vaults:2 | Received a gift from Okawaru
 65502 | Vaults:2 | Killed Ceoruaheis's ghost
 65519 | Vaults:2 | Got a translucent brass ring
 65520 | Vaults:2 | Identified the ring "Ykhoxekk" {Wiz rC+ rN+ Str+2 Dex-5}
                  | (You found it on level 2 of the Vaults)
 65531 | Vaults:2 | Identified Kikubaaqudgha's Almanac of Black Secrets
 65538 | Vaults:2 | Got a crude hat
 65539 | Vaults:2 | Identified the +2 hat "Nuaz" {+Inv Str+2} (You found it on
                  | level 2 of the Vaults)
 65658 | Crypt:1  | Entered Level 1 of the Crypt
 66602 | Crypt:1  | Noticed Mennas
 66628 | Crypt:1  | Killed Mennas
 66906 | Crypt:1  | Found an ancient bone altar of Kikubaaqudgha.
 67224 | Crypt:2  | Got a warped arbalest
 67264 | Crypt:2  | Received a gift from Okawaru
 67270 | Crypt:2  | Reached XP level 24. HP: 132/206 MP: 28/28
 67277 | Crypt:2  | Got a warped helmet {god gift}
 67293 | Crypt:2  | Identified the +0 helmet of Indomitability {rPois} (Okawaru
                  | gifted it to you on level 2 of the Crypt)
 67394 | Crypt:2  | Found a transporter.
 67560 | Crypt:2  | Found a transporter.
 67759 | Crypt:2  | Found a runed translucent gate.
 67759 | Crypt:2  | Found a runed translucent gate.
 67764 | Crypt:2  | Found a runed translucent gate.
 68136 | Crypt:3  | Entered Level 3 of the Crypt
 68199 | Crypt:3  | Reached skill level 22 in Armour
 68252 | Crypt:3  | Found a basalt altar of Yredelemnul.
 68408 | Crypt:3  | Got a polished halberd
 68966 | Crypt:3  | Found a staircase to the Tomb.
 68966 | Crypt:3  | Noticed Khufu
 68984 | Crypt:3  | Killed Khufu
 68984 | Crypt:3  | Received a gift from Okawaru
 69164 | Crypt:3  | Got a transparent great sword
 69769 | Slime:1  | Entered Level 1 of the Pits of Slime
 69915 | Slime:1  | Gained mutation: You are occasionally teleported next to
                  | monsters. [a shining eye]
 69920 | Slime:1  | Gained mutation: You are frail. (-10% HP) [a shining eye]
 70622 | Slime:1  | HP: 9/187 [acid (11)]
 71661 | Depths:1 | Entered Level 1 of the Depths
 71734 | Depths:1 | Found a runed translucent gate.
 71734 | Depths:1 | Found a runed translucent gate.
 71734 | Depths:1 | Found a runed translucent gate.
 71813 | Depths:1 | Found Ucsojuill's Book Boutique.
 71922 | Depths:1 | Received a gift from Okawaru
 72297 | Depths:1 | Received a gift from Okawaru
 72375 | Depths:1 | Noticed jt's ghost (adept OpIE)
 72406 | Depths:1 | Found a gateway to Hell.
 72654 | D:11     | Lost mutation: You are frail. (-10% HP) [potion of
                  | mutation]
 72654 | D:11     | Lost mutation: You are dopey. (Int -2) [potion of mutation]
 72654 | D:11     | Gained mutation: You expend magic power (3 MP) to
                  | strengthen your wands. [potion of mutation]
 72654 | D:11     | Gained mutation: You have large cloven feet. [potion of
                  | mutation]
 72744 | D:11     | Identified the +4 great sword of Superiority {flame, rN+
                  | Str+6} (You found it on level 3 of the Crypt)
 72746 | D:11     | Identified the +8 arbalest of True Grit {flame, Fragile
                  | Int+3 Dex+6} (You found it on level 2 of the Crypt)
 72919 | Depths:1 | Killed jt's ghost
 73030 | Depths:2 | Reached XP level 25. HP: 214/214 MP: 28/28
 73082 | Depths:2 | Noticed Bai Suzhen
 73100 | Depths:2 | Killed Bai Suzhen
 73253 | Depths:2 | Found the +8 arc blade {discharge, rElec}
 73320 | Depths:2 | Found a one-way gate to the infinite horrors of the Abyss.
 73822 | Depths:3 | Received a gift from Okawaru
 73947 | Depths:3 | Reached skill level 23 in Armour
 74005 | Depths:3 | Received a gift from Okawaru
 74031 | Depths:3 | Found a one-way gate leading to the halls of Pandemonium.
 74664 | Depths:3 | Received a gift from Okawaru
 74816 | D:10     | Lost mutation: You expend magic power (3 MP) to strengthen
                  | your wands. [potion of mutation]
 74816 | D:10     | Lost mutation: You are occasionally teleported next to
                  | monsters. [potion of mutation]
 74816 | D:10     | Lost mutation: You have large cloven feet. [potion of
                  | mutation]
 74816 | D:10     | Gained mutation: Your magical capacity is low. (-10% MP)
                  | [potion of mutation]
 74816 | D:10     | Gained mutation: You have a pair of small horns on your
                  | head. [potion of mutation]
 74816 | D:10     | Gained mutation: You are clumsy. (Dex -2) [potion of
                  | mutation]
 74816 | D:10     | Gained mutation: Your muscles are strong. (Str +2) [potion
                  | of mutation]
 74817 | D:10     | Lost mutation: Your magical capacity is low. (-10% MP)
                  | [potion of mutation]
 74817 | D:10     | Gained mutation: Your muscles are very strong. (Str +4)
                  | [potion of mutation]
 74817 | D:10     | Gained mutation: Your spells are a little harder to cast,
                  | but a little more powerful. [potion of mutation]
 74817 | D:10     | Gained mutation: You have sharp toenails. [potion of
                  | mutation]
 74884 | D:10     | Lost mutation: You are clumsy. (Dex -2) [potion of
                  | mutation]
 74884 | D:10     | Lost mutation: Your spells are a little harder to cast, but
                  | a little more powerful. [potion of mutation]
 74884 | D:10     | Lost mutation: You have sharp toenails. [potion of
                  | mutation]
 74884 | D:10     | Lost mutation: You have a pair of small horns on your head.
                  | [potion of mutation]
 74884 | D:10     | Gained mutation: You do not regenerate when monsters are
                  | visible. [potion of mutation]
 74884 | D:10     | Lost mutation: Your muscles are very strong. (Str +4)
                  | [potion of mutation]
 74884 | D:10     | Gained mutation: You have large cloven feet. [potion of
                  | mutation]
 75060 | Vaults:2 | Lost mutation: Your muscles are strong. (Str +2) [potion of
                  | mutation]
 75060 | Vaults:2 | Lost mutation: You have large cloven feet. [potion of
                  | mutation]
 75060 | Vaults:2 | Lost mutation: You do not regenerate when monsters are
                  | visible. [potion of mutation]
 75060 | Vaults:2 | Gained mutation: You possess an exceptional clarity of
                  | mind. [potion of mutation]
 75060 | Vaults:2 | Gained mutation: You expend magic power (3 MP) to
                  | strengthen your wands. [potion of mutation]
 75060 | Vaults:2 | Gained mutation: You evolve. [potion of mutation]
 75122 | Vaults:3 | Lost mutation: You expend magic power (3 MP) to strengthen
                  | your wands. [potion of mutation]
 75122 | Vaults:3 | Lost mutation: You possess an exceptional clarity of mind.
                  | [potion of mutation]
 75122 | Vaults:3 | Lost mutation: You evolve. [potion of mutation]
 75122 | Vaults:3 | Gained mutation: You expend magic power (3 MP) to
                  | strengthen your wands. [potion of mutation]
 75122 | Vaults:3 | Gained mutation: You tend to lose your temper in combat.
                  | [potion of mutation]
 75122 | Vaults:3 | Gained mutation: You passively map a small area around you.
                  | [potion of mutation]
 75389 | Orc:2    | Bought a potion of mutation for 96 gold pieces
 75389 | Orc:2    | Lost mutation: You tend to lose your temper in combat.
                  | [potion of mutation]
 75389 | Orc:2    | Lost mutation: You expend magic power (3 MP) to strengthen
                  | your wands. [potion of mutation]
 75389 | Orc:2    | Gained mutation: You are frail. (-10% HP) [potion of
                  | mutation]
 75389 | Orc:2    | Gained mutation: You have large cloven feet. [potion of
                  | mutation]
 75389 | Orc:2    | Gained mutation: You expend magic power (3 MP) to
                  | strengthen your wands. [potion of mutation]
 75561 | Snake:3  | Bought a potion of mutation for 96 gold pieces
 75561 | Snake:3  | Bought a potion of mutation for 96 gold pieces
 75561 | Snake:3  | Lost mutation: You are frail. (-10% HP) [potion of
                  | mutation]
 75561 | Snake:3  | Lost mutation: You passively map a small area around you.
                  | [potion of mutation]
 75561 | Snake:3  | Gained mutation: Your spells are a little harder to cast,
                  | but a little more powerful. [potion of mutation]
 75561 | Snake:3  | Gained mutation: You have an increased reservoir of magic.
                  | (+10% MP) [potion of mutation]
 75561 | Snake:3  | Gained mutation: You have supernaturally acute eyesight.
                  | (SInv) [potion of mutation]
 76405 | Depths:4 | Received a gift from Okawaru
 76455 | Depths:4 | Received a gift from Okawaru
 76501 | Depths:4 | Received a gift from Okawaru
 76780 | Depths:4 | Gained mutation: You are completely covered in sharp
                  | spines. [demonic ancestry]
 76780 | Depths:4 | Reached XP level 26. HP: 224/224 MP: 30/30
 76937 | Depths:4 | Received a gift from Okawaru
 77330 | Depths:5 | Entered Level 5 of the Depths
 77402 | Depths:5 | Found a gateway to a ziggurat.
 77512 | Depths:5 | Received a gift from Okawaru
 78001 | Depths:5 | Received a gift from Okawaru
 78180 | Depths:5 | Found a gate to the Realm of Zot.
 78862 | Slime:2  | Received a gift from Okawaru
 78865 | Slime:2  | Reached skill level 24 in Armour
 79288 | Slime:3  | Gained mutation: Your body sometimes deteriorates upon
                  | taking damage. [a shining eye]
 79808 | Slime:4  | Gained mutation: You are clumsy. (Dex -2) [a shining eye]
 79815 | Slime:4  | Gained mutation: You are weak. (Str -2) [a shining eye]
 79822 | Slime:4  | Gained mutation: Your body often deteriorates upon taking
                  | damage. [a shining eye]
 80252 | Slime:5  | Entered Level 5 of the Pits of Slime
 80295 | Slime:5  | Lost mutation: You have an increased reservoir of magic.
                  | (+10% MP) [a shining eye]
 80300 | Slime:5  | Lost mutation: Your spells are a little harder to cast, but
                  | a little more powerful. [a shining eye]
 80319 | Slime:5  | Received a gift from Okawaru
 80395 | Slime:5  | Noticed the Royal Jelly
 80544 | Slime:5  | Received a gift from Okawaru
 81212 | Slime:5  | Killed the Royal Jelly
 81212 | Slime:5  | Gained mutation: Your melee attacks may debilitate your
                  | foes. [demonic ancestry]
 81212 | Slime:5  | Reached XP level 27. HP: 223/233 MP: 21/28
 81910 | Slime:5  | Got a faintly glowing iron ring
 81915 | Slime:5  | Got a shimmering lead ring
 81965 | Slime:5  | Identified the Disquisition on Poison
 81991 | Slime:5  | Got a slimy rune of Zot
 82003 | Slime:5  | Got a crystal flail
 82020 | Slime:5  | Identified the ring "Ziwkoil" {rC+ rN+ Str+4} (You found it
                  | on level 5 of the Pits of Slime)
 82021 | Slime:5  | Identified the ring of Doors {Fire MR+ Str+4} (You found it
                  | on level 5 of the Pits of Slime)
 82022 | Slime:5  | Identified the cursed +1 flail "Sust" {chaos, rC+ Str+3
                  | SInv} (You found it on level 5 of the Pits of Slime)
 82494 | D:10     | Lost mutation: Your body often deteriorates upon taking
                  | damage. [potion of mutation]
 82494 | D:10     | Lost mutation: Your body sometimes deteriorates upon taking
                  | damage. [potion of mutation]
 82494 | D:10     | Lost mutation: You expend magic power (3 MP) to strengthen
                  | your wands. [potion of mutation]
 82494 | D:10     | Lost mutation: You are weak. (Str -2) [potion of mutation]
 82494 | D:10     | Lost mutation: You have large cloven feet. [potion of
                  | mutation]
 82494 | D:10     | Gained mutation: You tend to lose your temper in combat.
                  | [potion of mutation]
 82494 | D:10     | Gained mutation: You are robust. (+10% HP) [potion of
                  | mutation]
 82495 | D:10     | Lost mutation: You have supernaturally acute eyesight.
                  | (SInv) [potion of mutation]
 82495 | D:10     | Lost mutation: You are clumsy. (Dex -2) [potion of
                  | mutation]
 82495 | D:10     | Gained mutation: Scrolls take you a little longer to read.
                  | [potion of mutation]
 82495 | D:10     | Gained mutation: You are resistant to electric shocks.
                  | (rElec) [potion of mutation]
 82495 | D:10     | Gained mutation: Your mind is acute. (Int +2) [potion of
                  | mutation]
 82495 | D:10     | Gained mutation: Your muscles are strong. (Str +2) [potion
                  | of mutation]
 82772 | Vaults:5 | Bought a potion of mutation for 128 gold pieces
 82781 | Vaults:5 | Lost mutation: Your mind is acute. (Int +2) [potion of
                  | mutation]
 82781 | Vaults:5 | Lost mutation: Your muscles are strong. (Str +2) [potion of
                  | mutation]
 82781 | Vaults:5 | Gained mutation: Scrolls take you longer to read. [potion
                  | of mutation]
 82781 | Vaults:5 | Gained mutation: You have a pair of small horns on your
                  | head. [potion of mutation]
 83039 | Hell     | Entered the Vestibule of Hell
 83039 | Hell     | Noticed Geryon
 83078 | Hell     | Killed Geryon
 83144 | Hell     | Found a gateway to the decaying netherworld of Tartarus.
 83257 | Hell     | Found a gateway to the freezing wastes of Cocytus.
 83313 | Hell     | Found a gateway to the Iron City of Dis.
 83530 | Hell     | Found a gateway to the ashen valley of Gehenna.
 83642 | Dis:1    | Entered Level 1 of the Iron City of Dis
 83668 | Dis:1    | Received a gift from Okawaru
 84019 | Dis:1    | Received a gift from Okawaru
 84126 | Dis:1    | You fall into a shaft and drop 1 floor!
 84141 | Dis:2    | Reached skill level 25 in Armour
 85028 | Dis:2    | Received a gift from Okawaru
 86545 | Dis:4    | Received a gift from Okawaru
 87777 | Dis:5    | Received a gift from Okawaru
 88120 | Dis:5    | Received a gift from Okawaru
 89503 | Dis:6    | Received a gift from Okawaru
 89566 | Dis:6    | Reached skill level 26 in Armour
 90231 | Dis:7    | Entered Level 7 of the Iron City of Dis
 90451 | Dis:7    | Received a gift from Okawaru
 90496 | Dis:7    | Received a gift from Okawaru
 90687 | Dis:7    | Received a gift from Okawaru
 91022 | Dis:7    | Gained mutation: You are clumsy. (Dex -2) [a cacodemon]
 91091 | Dis:7    | Identified the amulet of a Billion Villages {Regen+ Str+9
                  | Int-3 Dex+3}
 91547 | Dis:7    | Received a gift from Okawaru
 91657 | Dis:7    | Received a gift from Okawaru
 91783 | Dis:7    | Identified the +11 quick blade of Infinite Pain {flame,
                  | *Noise rPois Str+5}
 91820 | Dis:7    | Received a gift from Okawaru
 91828 | Dis:7    | Received a gift from Okawaru
 91843 | Dis:7    | Gained mutation: Your body sometimes deteriorates upon
                  | taking damage. [a cacodemon]
 91889 | Dis:7    | Identified the +4 staff of Dispater
 91889 | Dis:7    | Noticed Dispater
 91919 | Dis:7    | Killed Dispater
 91919 | Dis:7    | Received a gift from Okawaru
 91954 | Dis:7    | Got an iron rune of Zot
 92811 | Zot:1    | Entered Level 1 of the Realm of Zot
 93156 | Crypt:2  | Paralysed by a Zot trap for 5 turns
 93168 | Crypt:2  | Gained mutation: Your spells are a little easier to cast,
                  | but a little less powerful. [mutagenic glow]
 93184 | Crypt:2  | Gained mutation: Potions are less effective at restoring
                  | your health. [mutagenic glow]
 93194 | Crypt:2  | Gained mutation: You often lose your temper in combat.
                  | [mutagenic glow]
 93208 | Crypt:2  | Got a heavily runed bronze ring
 93218 | Crypt:2  | Got a shimmering golden ring
 93223 | Crypt:2  | Identified the ring of Ninahuge {rPois rC++ rN+ Str-3
                  | Stlth-} (You found it on level 2 of the Crypt)
 93225 | Crypt:2  | Identified the ring "Ywnakid" {rPois rF+ Str+3} (You found
                  | it on level 2 of the Crypt)
 93593 | Zot:1    | Noticed an orb of fire
 93794 | Zot:1    | Noticed an orb of fire
 93805 | Zot:1    | Killed an orb of fire
 93855 | Zot:1    | Lost mutation: Your spells are a little easier to cast, but
                  | a little less powerful. [potion of mutation]
 93855 | Zot:1    | Lost mutation: You often lose your temper in combat.
                  | [potion of mutation]
 93855 | Zot:1    | Lost mutation: Scrolls take you longer to read. [potion of
                  | mutation]
 93855 | Zot:1    | Gained mutation: Your flesh is cold resistant. (rC+)
                  | [potion of mutation]
 93855 | Zot:1    | Lost mutation: You are clumsy. (Dex -2) [potion of
                  | mutation]
 94066 | Zot:1    | Received a gift from Okawaru
 94105 | Zot:1    | Received a gift from Okawaru
 94448 | Zot:1    | Lost mutation: You have a pair of small horns on your head.
                  | [potion of mutation]
 94448 | Zot:1    | Lost mutation: Scrolls take you a little longer to read.
                  | [potion of mutation]
 94448 | Zot:1    | Lost mutation: You tend to lose your temper in combat.
                  | [potion of mutation]
 94448 | Zot:1    | Gained mutation: You possess an exceptional clarity of
                  | mind. [potion of mutation]
 95349 | Zot:2    | Noticed an ancient lich
 95350 | Zot:2    | Noticed an orb of fire
 95364 | Zot:2    | Lost mutation: You possess an exceptional clarity of mind.
                  | [an orb of fire]
 95373 | Zot:2    | Killed from afar by an orb of fire

Illustrated notes

Levels and vault maps discovered:
D:1:      tarquinn_simple_flora_water_a, layout_rooms
D:2:      layout_rooms, serial_rivers, chequers_serial_rivers_micro_d,
          chequers_serial_rivers_micro_a, chequers_serial_rivers_micro_c,
          chequers_serial_rivers_marsh, minmay_split_cup_small
D:3:      layout_loops_ring, uniq_natasha
D:4:      layout_basic, ldierk_geyser, uniq_sigmund, uniq_duvessa
D:5:      layout_gridville, kennysheep_mini, minmay_temple_entry_antechambers,
          nicolae_ossuary_entry_ruins
D:6:      layout_loops_ring, minmay_three_doors
D:7:      layout_basic, fiery_altar_vehumet, grunt_temple_overflow_open,
          serial_shops, shop_statue, minmay_misc_feat_secret_circle,
          palyth_stone_intersect, makhleb_altar_promises_db
D:8:      layout_basic
D:9:      layout_gridville, basic_altar, chequers_serial_rivers_micro_d,
          nicolae_wwwww
D:10:     layout_irregular_city, lair_entry_dummy, david_orc_4,
          chequers_serial_rivers_micro_e
D:11:     layout_long_grid, uniq_grum
D:12:     layout_layer_cave, serial_shops, nicolae_shop_waterfront, uniq_frances
D:13:     layout_basic, david_vaults_2, uniq_snorg
D:14:     layout_gridville, kennysheep_flooded_box
D:15:     gammafunk_enter_depths_forms, layout_irregular_city, elyvilon_altar_1,
          minivault_15, uniq_josephine
Temple:   regret_index_temple_waves
Lair:1:   layout_gridlike, gauntlet_entry_generic, gammafunk_ghost_necromancy,
          beast_lair_carwin_6, lemuel_fruit_fields, serial_bayou_shore_b
Lair:2:   layout_gridlike, roderic_carrion_pond, grunt_megastairs_5
Lair:3:   layout_gridlike, minmay_swamp_entry_worms,
          minmay_snake_entry_six_corridors, hangedman_lair_unloving_vines,
          minivault_23
Lair:4:   wander_river, layout_regular_city, grunt_forest_stairs_basic,
          minmay_shattered_shrine, serial_bayou_shore_b
Lair:5:   layout_big_grid
Lair:6:   evilmike_catoblepas_cave, layout_hall_layers,
          minmay_slime_entry_oklob_enclosed, chequers_serial_rivers_room_a
Swamp:1:  gammafunk_mikee_crab_dinner, layout_basic_swamp,
          evilmike_swamp_ruin_house_1, uniq_jorgrun
Swamp:2:  gammafunk_the_bubble [the_bubble_gammafunk_plus_minus],
          layout_falls_marsh, hangedman_swamp_pad, uniq_aizul, uniq_louise
Swamp:3:  layout_basic_swamp, evilmike_swamp_ruin_house_2
Swamp:4:  grunt_swamp_rune_castle, layout_basic_swamp, swamp_pool1
Snake:1:  layout_misc_corridors, minmay_shop_grove, uniq_roxanne, uniq_donald,
          uniq_agnes
Snake:2:  layout_rooms, nicolae_snake_lava_pool, serial_bayou_shore_a
Snake:3:  layout_rooms, serial_shops, nicolae_shop_stone
Snake:4:  snake_pit_salamanders_mu, layout_cave_town
Slime:1:  layout_caves, cheibrodos_slime_lost_civilization_7
Slime:2:  layout_caves
Slime:3:  layout_caves
Slime:4:  layout_caves
Slime:5
Orc:1:    layout_caves, basic_altar, special_room [special_room_orc],
          uniq_maurice
Orc:2:    grunt_orc_cross, layout_caves, basic_altar, bh_open_orc_temple
Elf:1:    minmay_elf_arrival_plus, layout_gridlike, evilmike_minifort,
          uniq_asterion
Elf:2:    layout_geoelf_octagon
Elf:3:    elf_hall, layout_geoelf_diagonals, minmay_misc_feat_ornament
Vaults:1: grunt_vaults_twisty, vaults_mumra_chevron_long, v_pattern_2,
          vaults_room_fours, ontoclasm_vaults_gateway, v_misc_16,
          dpeg_vaults_monster_box, nicolae_vaults_shelves_hall,
          vaults_dpeg_hooks, vaults_room_hangedman_quadrants,
          layout_vaults_chaotic_city
Vaults:2: gammafunk_vaults_ghost_crypt, v_misc_11, v_misc_33, v_misc_33,
          v_misc_30, vaults_room_semicircle, vaults_mumra_chevron, v_misc_14,
          nicolae_vaults_mini_display_case, layout_vaults_omnigrid
Vaults:3: v_misc_9, v_misc_19, minmay_crypt_entry_skeletal_spiral,
          nicolae_vaults_circle_grid_b, ontoclasm_vaults_decontamination,
          vaults_dpeg_diagonal, vaults_room_octagon,
          nicolae_vaults_circle_grid_a, nicolae_vaults_three_branches,
          hangedman_vaults_stretched_pinwheel, v_alt_pattern_6, st_squares,
          hangedman_vaults_trim, hangedman_vaults_cutoff, layout_vaults_ring,
          serial_shops, shop, nicolae_trove_entry_diagonal, uniq_margery,
          uniq_xtahua
Vaults:4: gammafunk_vaults_ghost_crypt, vaults_room_ringed_pool,
          ontoclasm_vaults_shout, hangedman_vaults_corner_blocks, v_pattern_1,
          grunt_vaults_hallway_long, v_misc_18, nicolae_vaults_what_the_h,
          layout_vaults_omnicross
Vaults:5: serial_shops
Crypt:1:  layout_regular_city, basic_altar, grunt_ministairs_2, minivault_5,
          uniq_mennas
Crypt:2:  gammafunk_its_a_trap, layout_misc_corridors, pandoras_box_mu
Crypt:3:  grunt_crypt_end_deaths_head
Depths:1: layout_gridlike, serial_shops, nicolae_shop_statue_plus,
          serial_bayou_shore_b, ebering_ghost_rock_garden,
          pf_hell_entry_tar_spiral, grunt_decor_fettered, serial_bayou_pond_e,
          glass_columns_a, chequers_serial_rivers_room_b, dispersion_dpeg
Depths:2: minmay_shoctagon, layout_cave_pools, hangedman_abyss_entry_splay,
          pf_vacation_house_of_asmodeus, uniq_bai_suzhen
Depths:3: kennysheep_room_grid, layout_gridville, hex_medium,
          rand_demon_pan_entry_7, hell_entry, infiniplex_staircase_zigzag_5
Depths:4: grunt_runaround [grunt_runaround_doors_1, grunt_runaround_doors_2,
          grunt_runaround_doors_3, grunt_runaround_doors_4,
          grunt_runaround_loot], abyss_entry, hell_entry, serial_shops
Depths:5: grunt_zot_entry_gee_three, layout_honeycomb, enter_ziggurat_c,
          hell_entry, hangedman_abyss_or_decor_slice
Hell
Dis:1:    layout_chaotic_city
Dis:2:    layout_jigsaw
Dis:3:    layout_subdivisions
Dis:4:    layout_overlapping_boxes
Dis:5:    layout_jigsaw, lemuel_elevator
Dis:6:    layout_gridville, grunt_dis_stairs_iron_hall
Dis:7:    iron_city_of_dis [dis_grunt, dis_wall_4], layout_chaotic_city
Zot:1:    layout_cathedral_of_symmetry, st_single_dragon_hoard_3, nrook_zot_tub
Zot:2:    grunt_deathspiral_small, layout_onion_interference,
          st_large_dragon_hoard_3

Skill      XL: |  1  2  3  4  5  6  7  8  9 10 11 12 13 14 15 16 17 18 19 20 21 22 23 24 25 26 27 |
---------------+----------------------------------------------------------------------------------+-----
Axes           | 2 3 4 5 6 7 9 11 12 13 14 15 16 17 18 | 18.0
Fighting       | 4 5 6 7 9 10 12 13 14 15 16 17 18 19 20 21 22 25 | 25.1
Armour         | 5 7 9 10 12 13 14 16 17 18 19 20 21 22 23 24 26 | 26.9
Shields        | 4 6 7 8 9 10 11 12 13 14 15 17 18 19 24 | 24.9
Slings         | 3 5 8 9 11 12 13 14 | 14.0
Invocations    | 2 6 |  6.8

Action                   |  1- 3 |  4- 6 |  7- 9 | 10-12 | 13-15 | 16-18 | 19-21 | 22-24 | 25-27 || total
-------------------------+-------+-------+-------+-------+-------+-------+-------+-------+-------++-------
Melee: War axe           |   131 |   179 |   359 |   523 |   177 |       |       |       |       ||  1369
       Broad axe         |       |       |       |    25 |  1078 |  1384 |  1464 |  1358 |  3702 ||  9011
       Flail             |       |       |       |       |    23 |       |       |       |       ||    23
       Demon whip        |       |       |       |       |     5 |   117 |       |       |       ||   122
       Headbutt          |       |       |       |       |       |       |       |       |   924 ||   924
 Fire: Hunting sling     |       |       |       |       |       |    30 |    51 |    58 |       ||   139
       Fustibalus        |       |       |       |       |       |       |       |       |    42 ||    42
Invok: Heroism           |       |       |       |     6 |     9 |     2 |     4 |     5 |     7 ||    33
       Finesse           |       |       |       |       |       |       |       |     3 |     5 ||     8
 Abil: Evoke Flight      |       |       |       |       |       |     2 |       |       |       ||     2
       Stop Flying       |       |       |       |       |       |     1 |       |       |       ||     1
Evoke: Wand              |       |       |       |       |     2 |     5 |       |     3 |       ||    10
  Use: Scroll            |       |     2 |    10 |    18 |    16 |    14 |    18 |    16 |     6 ||   100
       Potion            |       |       |       |     6 |     9 |     2 |     1 |     5 |    17 ||    40
 Stab: Confused          |       |       |       |     2 |       |       |     1 |       |       ||     3
       Distracted        |       |       |       |       |     1 |     2 |       |     1 |     2 ||     6
Armor: Scale mail        |    58 |    53 |       |       |       |       |       |       |       ||   111
       Chain mail        |       |    35 |   141 |   118 |   313 |       |       |       |       ||   607
       Plate armour      |       |       |       |    82 |       |       |       |       |       ||    82
       Crystal plate arm |       |       |       |       |   226 |   451 |       |       |       ||   677
       Gold dragon scale |       |       |       |       |       |    97 |   204 |   258 |   512 ||  1071
Dodge: Dodged            |    48 |    27 |    28 |    70 |   159 |   142 |    76 |    87 |   255 ||   892
Block: Kite shield       |   100 |   138 |   268 |   483 |  1212 |  1205 |   871 |   306 |       ||  4583
       Tower shield      |       |       |       |       |       |       |       |   950 |  2775 ||  3725

Table legend: (Time is in decaauts)
 A = Elapsed time spent in this place.
 B = Non-inter-level travel time spent in this place.
 C = Inter-level travel time spent in this place.
 D = Time resting spent in this place.
 E = Time spent auto-exploring this place.
 F = Levels seen in this place.
 G = Mean time per level.
                   A        B        C        D        E       F      G
               +--------+--------+--------+--------+--------+-----+--------+
         Total |  92155 |  77493 |  14662 |  16554 |  42491 |  65 | 1417.8 |
       Dungeon |  24944 |  20002 |   4942 |   4746 |  11516 |  15 | 1662.9 |
        Temple |    125 |     73 |     52 |      0 |     70 |   1 |  125.0 |
          Lair |  13445 |  10481 |   2964 |   3731 |   4670 |   6 | 2240.8 |
         Swamp |   7315 |   6517 |    798 |   2716 |   2507 |   4 | 1828.8 |
     Snake Pit |   3985 |   3361 |    624 |      0 |   2440 |   4 |  996.2 |
    Slime Pits |   3881 |   3622 |    259 |    919 |   1686 |   5 |  776.2 |
  Orcish Mines |   3228 |   2743 |    485 |   1148 |    963 |   2 | 1614.0 |
   Elven Halls |   5184 |   4593 |    591 |    939 |   2290 |   3 | 1728.0 |
        Vaults |   9770 |   7288 |   2482 |    557 |   4843 |   5 | 1954.0 |
         Crypt |   2971 |   2609 |    362 |     18 |   1748 |   3 |  990.3 |
        Depths |   5322 |   4581 |    741 |    162 |   3326 |   5 | 1064.4 |
          Hell |    541 |    465 |     76 |      0 |    260 |   1 |  541.0 |
           Dis |   7774 |   7544 |    230 |    994 |   4308 |   7 | 1110.6 |
           Zot |   1737 |   1685 |     52 |      0 |   1087 |   2 |  868.5 |
       Ossuary |    364 |    364 |      0 |      0 |    154 |   1 |  364.0 |
      Gauntlet |   1564 |   1564 |      0 |    622 |    618 |   1 | 1564.0 |
               +--------+--------+--------+--------+--------+-----+--------+

Top non-repeatable levels by time:
    D:10: 4428 daAuts
  Lair:6: 3519 daAuts
    D:13: 3489 daAuts
 Swamp:3: 2857 daAuts
  Lair:3: 2744 daAuts
 Swamp:1: 2529 daAuts
   Elf:3: 2266 daAuts
Vaults:4: 2189 daAuts
  Lair:4: 2181 daAuts
Vaults:2: 2041 daAuts
    D:11: 2036 daAuts
     D:9: 2010 daAuts
Vaults:3: 2003 daAuts
    D:12: 1992 daAuts
  Lair:1: 1894 daAuts
